 Dungeon Crawl Stone Soup version 0.29-a0-234-g0dae59b3db (webtiles) character file.

Game seed: 16121992475835136846

91 spaghetti the Skirmisher (level 4, 0/37 HPs)
             Began as a Mummy Hunter on Mar 3, 2022.
             Was an Initiate of Cheibriados.
             Slain by Sigmund
             ... wielding a +2 vorpal scythe
              (1 damage)
             ... on level 4 of the Dungeon.
             The game lasted 00:04:00 (3752 turns).

spaghetti the Skirmisher (Mummy Hunter)             Turns: 3752, Time: 00:04:02

Health: 0/37       AC:  4    Str: 18    XL:     4   Next: 33%
Magic:  4/4        EV: 11    Int: 11    God:    Cheibriados [......]
Gold:   84         SH:  0    Dex: 13    Spells: 3/3 levels left

rFire   x . .      SeeInvis .   a - +1 short sword (venom) {short}
rCold   + . .      Faith    .   (no shield)
rNeg    + + +      Spirit   .   d - +1 leather armour
rPois   ∞          Reflect  .   (no helmet)
rElec   .          Harm     .   (no cloak)
rCorr   .          Rampage  .   (no gloves)
Will    .....                   (no boots)
Stlth   +.........              (no amulet)
HPRegen 0.12/turn               (no ring)
MPRegen 0.09/turn               (no ring)

@: very slow
A: cold resistance 1, negative energy resistance 3, torment resistance 2, heat
vulnerability 1, in touch with death 1, no potions
a: Renounce Religion


You were on level 4 of the Dungeon.
You worshipped Cheibriados.
Cheibriados was noncommittal.
You visited 1 branch of the dungeon, and saw 4 of its levels.

You collected 84 gold pieces.


Innate Abilities, Weirdness & Mutations

You are immune to poison.
Your flesh is cold resistant. (rC+)
You are immune to negative energy. (rN+++)
You are immune to unholy pain and torment.
You are vulnerable to heat. (rF-)
You are in touch with the powers of death.
You do not drink.


   Skills:
 + Level 4.1 Fighting
 - Level 3.2 Crossbows
 + Level 1.5 Armour
 - Level 1.5 Dodging
 - Level 0.7 Stealth


You had 3 spell levels left.
You didn't know any spells.
Your spell library contained the following spells:

 Spells                   Type           Power      Damage    Failure   Level
 Ensorcelled Hibernation  Hex/Ice        0%         N/A       54%         2
 Ignite Poison            Fire/Tmut/Pois 0%         N/A       77%         3
 Mephitic Cloud           Conj/Pois/Air  0%         N/A       77%         3
 Anguish                  Hex/Necr       0%         N/A       99%         4
 Freezing Cloud           Conj/Ice/Air   0%         6-21      100%        5
 Spider Form              Tmut/Pois      Unusable   N/A       N/A         3

Inventory:

Hand Weapons
 a - a +1 short sword of venom (weapon) {short}
   (You took it off a kobold on level 1 of the Dungeon)
 b - a +1 hand crossbow {crossbow}
 g - a +0 short sword of freezing {short}
   (You took it off a kobold on level 2 of the Dungeon)
 h - a +3 war axe {axe}
   (You found it on level 2 of the Dungeon)
 j - a +2 whip of draining {mace}
   (You took it off a gnoll on level 3 of the Dungeon)
Missiles
 e - 51 stones {throwing}
Armour
 d - a +1 leather armour (worn)
Jewellery
 c - a ring of protection from fire
   (You found it on level 2 of the Dungeon)
Scrolls
 f - a scroll of enchant armour
 i - a scroll of immolation {!r!r}

Dungeon Overview and Level Annotations

Branches:
Dungeon (4/15)
 Temple: D:4-7

Altars:
Cheibriados
Elyvilon
Ru
The Shining One

Shops:
D:2 [=[?

Annotations:
D:3 2 transporters
D:4 Sigmund

.. ... ######...
#...... . #.....
.. #...######.
... #...#.....#
.... #.l.#.....#
.....##@##.....#
#....@.......#
#............#
#............#
#............#
########....<#
#.....# #.....#
#.....#


You could see Sigmund and an iguana (poisoned).


Message History

You shoot a bolt. The bolt hits the hobgoblin.
You shoot a bolt. The bolt hits the hobgoblin.
You kill the hobgoblin!
No target in view!
You see here a hobgoblin corpse.
Found a stone staircase leading up.
i - a scroll of immolation {!r!r}
Things that are here:
a +0 spear {polearm}; a +0 club {mace}; a gnoll skeleton The ufetubus shouts!
You hear a shout!
You hear an angry hiss.
The kobold shouts!
You hear an angry hiss.
The frilled lizard hisses angrily.
j - a +2 whip of draining {mace} You see here a gnoll skeleton.
There is a transporter landing site here.
Found a stone staircase leading up.
There is a stone staircase leading up here.
Key pressed, stopping explore.
Found an escape hatch in the ceiling.
There is an escape hatch in the ceiling here.
A goblin comes into view. It is wielding a +0 club.
Found a stone staircase leading down.
A goblin is nearby!
Shoot: b) +1 hand crossbow {crossbow}
Press: ? - help, Q - select action, (/) - cycle Shift-Dir - straight line, f - goblin
Aim: a goblin, wielding a +0 club (asleep, 98% to hit)
You shoot a bolt. The bolt hits the goblin!
You kill the goblin!
No target in view!
No target in view!
There is an open gate here.
As you open the gate, it creaks loudly!
Found a snail-covered altar of Cheibriados.
There is an open gate here.
You see here a hobgoblin corpse.
There is a stone staircase leading up here.
There is a stone staircase leading up here.
There is an escape hatch in the floor here.
There is an open gate here.
There is an open gate here.
Partly explored, unvisited transporter.
Partly explored, unvisited transporter.
Partly explored, unvisited transporter.
Search for what [? for help]? chei
There is an open gate here.
There is an open gate here.
There is a snail-covered altar of Cheibriados here.
You kneel at the altar of Cheibriados.
Cheibriados welcomes you!
Cheibriados begins to support your attributes as your movement slows.
Cheibriados is now slowing the effects of poison on you.
Unknown command.
Press < or > to pray at altars.
(D) Dungeon
Where to? (Enter - D:3 @ (x,y), ? - help)
There is an open gate here.
There is an open gate here.
There is a stone staircase leading down here.
You climb downwards.
There is a stone staircase leading up here.
As you open the door, it creaks loudly!
You hear an angry hiss.
You hear a shout!
There is an open door here.
An iguana comes into view.
The iguana hisses angrily.
You shoot a bolt. The bolt hits the iguana.
Your +1 short sword of venom {short} begins to drip with poison!
a - a +1 short sword of venom (weapon)
{short} You hit the iguana but do no damage.
The iguana is poisoned.
The iguana barely misses you.
You hit the iguana but do no damage. The iguana closely misses you.
The iguana barely misses you.
You closely miss the iguana.
Sigmund the Dreaded comes into view.
He is wielding a +2 vorpal scythe.
The iguana bites you! 😕 HP[-9]
You take 9 damage, and now have 28/37 hp.
MASSIVE DAMAGE!! (PAUSE)
Okay, then.
You aren't carrying any items that you can evoke.
You can't drink.
Okay, then.
You aren't carrying any items that you can evoke.
Okay, then.
You hit the iguana but do no damage. The iguana barely misses you.
Sigmund hits you from afar with a +2 vorpal scythe. 😮 HP[-7]
You take 7 damage, and now have 21/37 hp.
You closely miss the iguana. The iguana barely misses you.
You hit the iguana but do no damage.
Sigmund hits you from afar with a +2 vorpal scythe!
* * * LOW HITPOINT WARNING * * *
x2 The iguana bites you!
* * * LOW HITPOINT WARNING * * *
😱 HP[-18]
You take 18 damage, and now have 3/37 hp.
MASSIVE DAMAGE!! (PAUSE) Sigmund hits you with a +2 vorpal scythe.
* * * LOW HITPOINT WARNING * * *
You die...

Skill      XL: |  1  2  3 |
---------------+----------+-----
Fighting       | 3 4 |  4.1
Armour         | 1 |  1.5
Crossbows      | |  3.2
Dodging        | |  1.5
Stealth        | |  0.7

Action                   |  1- 3 |  4- 6 || total
-------------------------+-------+-------++-------
Melee: Short sword       |    75 |    13 ||    88
       Punch             |     1 |       ||     1
 Fire: Hand crossbow     |    21 |     6 ||    27
  Use: Scroll            |     6 |     1 ||     7
 Stab: Sleeping          |     3 |       ||     3
Armor: Leather armour    |    14 |     1 ||    15
Dodge: Dodged            |    54 |    12 ||    66

Levels and vault maps discovered:
D:1:      onia_arrival_mini_maze, layout_basic, serial_curves, eino_curves_03,
          eino_curves_01, serial_bayou_pond_b
D:2:      layout_basic, serial_shops, nicolae_shop_waterfront, shop, shop,
          nicolae_shop_advertising_works [nicolae_subvault_shop_adworks],
          basic_altar, shapermc_ecumenical_altar_totnotflames,
          chequers_serial_rivers_small_3
D:3:      layout_loops_ring, gammafunk_temple_overflow_arena,
          mainiacjoe_overflow_big_doors, grunt_decor_resistance
D:4:      layout_gridville, lemuel_coloured_pillars_altar,
          minmay_temple_entry_large_hall, ebering_ghost_reflecting_pool,
          hangedman_decor_growths, uniq_sigmund

Notes
Turn   | Place    | Note
-------+----------+-------------------------------------------
     0 | D:1      | spaghetti the Mummy Hunter began the quest for the Orb.
     0 | D:1      | Reached XP level 1. HP: 16/16 MP: 1/1
     0 | D:1      | magus.rc [v1.9.6]
   351 | D:1      | Reached XP level 2. HP: 23/23 MP: 2/2
   522 | D:1      | Reached skill level 3 in Fighting
  1368 | D:2      | Found Xolut's Jewellery Boutique.
  1368 | D:2      | Found Voghai's Armour Boutique.
  1388 | D:2      | You pick up a book of Dreams and begin reading...
  1388 | D:2      | You add the spells Ensorcelled Hibernation and Anguish to
                  | your library.
  1487 | D:2      | Gained mutation: You are in touch with the powers of death.
                  | [Mummy growth]
  1487 | D:2      | Reached XP level 3. HP: 29/29 MP: 3/3
  1654 | D:2      | Found a faded altar of an unknown god.
  1868 | D:2      | Found Leal's Magic Scroll Shoppe.
  1993 | D:2      | Found Kylec's Antique Armour Boutique.
  2401 | D:3      | You add the spells Ignite Poison, Mephitic Cloud and
                  | Freezing Cloud to your library.
  2461 | D:3      | Reached skill level 1 in Armour
  2621 | D:3      | Found a transporter.
  2621 | D:3      | Found a transporter.
  2622 | D:3      | Noticed a scorpion
  2685 | D:3      | Reached skill level 4 in Fighting
  2685 | D:3      | Reached XP level 4. HP: 14/37 MP: 4/4
  2688 | D:3      | HP: 8/37 [gnoll/+0 mace (7)]
  2727 | D:2      | HP: 5/37 [gnoll/+0 mace (8)]
  2756 | D:2      | HP: 3/37 [gnoll/+0 mace (5)]
  3299 | D:3      | Found a sacrificial altar of Ru.
  3467 | D:3      | Found a snail-covered altar of Cheibriados.
  3712 | D:3      | Became a worshipper of Cheibriados the Contemplative
  3748 | D:4      | Noticed Sigmund
  3751 | D:4      | HP: 3/37 [iguana (7)]
  3752 | D:4      | HP: 1/37 [Sigmund/+2 vorpal scythe (2)]
  3752 | D:4      | Slain by Sigmund

Vanquished Creatures
  An adder (D:2)
  3 gnolls
  3 dart slugs
  An orc (D:3)
  2 bats (D:3)
  3 endoplasms
  3 giant cockroaches
  7 hobgoblins
  3 kobolds
  A quokka (D:1)
  7 ball pythons
  3 goblins
  4 rats (D:1)
41 creatures vanquished.

Vanquished Creatures (collateral kills)
  A giant cockroach (D:1)
1 creature vanquished.

Grand Total: 42 creatures vanquished

Table legend:
 A = Non-vault XP
 B = Vault XP
 C = Vault XP percentage of total XP
 D = Non-vault monster count
 E = Vault monster count
 F = Vault count percentage of total count
                 A         B        C        D         E       F
            +---------+---------+-------+---------+---------+-------
      Total |     125 |       5 |   3.8 |      39 |       3 |   7.1
            +---------+---------+-------+---------+---------+-------
        D:1 |      34 |       5 |  12.8 |      18 |       3 |  14.3
        D:2 |      48 |       0 |   0.0 |      11 |       0 |   0.0
        D:3 |      43 |       0 |   0.0 |      10 |       0 |   0.0
            +---------+---------+-------+---------+---------+-------

Illustrated notes

Table legend:
 A = Kills in this place as a percentage of kills in entire the game.
 B = Kills by you in this place as a percentage of kills by you in the entire game.
 C = Kills by friends in this place as a percentage of kills by friends in the entire game.
 D = Other kills in this place as a percentage of other kills in the entire game.
 E = Experience gained in this place as a percentage of experience gained in the entire game.
 F = Experience gained in this place divided by the number of levels of this place that you have seen.
                   A       B       C       D       E      F
               +-------+-------+-------+-------+-------+----------------------
         Total | 100.0 | 100.0 | 100.0 |   N/A | 100.0 |  32.5
       Dungeon | 100.0 | 100.0 | 100.0 |   N/A | 100.0 |  32.5
               +-------+-------+-------+-------+-------+----------------------

Table legend: (Time is in decaauts)
 A = Elapsed time spent in this place.
 B = Non-inter-level travel time spent in this place.
 C = Inter-level travel time spent in this place.
 D = Time resting spent in this place.
 E = Time spent auto-exploring this place.
 F = Levels seen in this place.
 G = Mean time per level.
                   A        B        C        D        E       F      G
               +--------+--------+--------+--------+--------+-----+--------+
         Total |   3784 |   3641 |    143 |    451 |   2787 |   4 |  946.0 |
       Dungeon |   3784 |   3641 |    143 |    451 |   2787 |   4 |  946.0 |
               +--------+--------+--------+--------+--------+-----+--------+

Top non-repeatable levels by time:
     D:2: 1475 daAuts
     D:1: 1382 daAuts
     D:3: 903 daAuts
     D:4: 23 daAuts
